Map: Heavy Artillery LE

Players

Massa - Winner!

  • Race: Terran Terran
  • League: Platinum
  • Spawn Location: 7:00

qqq - Winner!

  • Race: Zerg Zerg
  • League: Platinum
  • Spawn Location: 7:00

Orimek

  • Race: Protoss Protoss
  • Spawn Location: 3:00

Touckit

  • Race: Protoss Protoss
  • Spawn Location: 1:00

VOD

Have the link to the VOD?

Description

Time

  • Played on: Nov. 27, 2020, 5:40 p.m.
  • Length: 5:49
Show
View Real Time Build Order
Export as new Build Order

Massa Terran - Winner!

Build Orders:  

Get SALT Encoding   

  12  0:01  SCV  
  13  0:13  SCV  
  14  0:23  Supply Depot  
  14  0:25  SCV  
  15  0:35  Refinery  
  15  0:45  SCV  
  15  0:46  Barracks  
  16  0:57  SCV  
  17  1:09  SCV  
  18  1:21  SCV  
  19  1:33  SCV  
  19  1:34  Reaper  
  21  1:42  Supply Depot  
  21  1:48  Orbital Command  
  21  1:59  Command Center  
  21  2:12  Marine  
  22  2:16  Barracks  
  22  2:18  SCV  
  23  2:36  Barracks Reactor  
  23  2:50  Factory  
  23  2:52  Barracks  
  23  3:11  Marine  
  24  3:12  Marine  
  24  3:13  Marine  
  24  3:17  Orbital Command  
  24  3:18  SCV  
  27  3:25  Engineering Bay  
  27  3:29  Marine  
  27  3:30  SCV, Marine  
  27  3:33  Widow Mine  
  32  3:34  Marine  
  33  3:41  Supply Depot  
  33  3:42  SCV x2  
  33  3:44  Marine  
  33  3:47  Marine  
  33  3:48  Marine  
  37  3:52  Marine  
  37  3:54  Widow Mine  
  41  4:02  Marine  
  42  4:04  Marine  
  42  4:06  Marine  
  42  4:07  Starport  
  44  4:10  Marine  
  45  4:20  Marine  
  45  4:22  Marine  
  47  4:27  Widow Mine  
  47  4:30  Marine x2  
  51  4:31  SCV x2  
  51  4:37  Marine  
  54  4:52  SCV  
  54  4:59  SCV, Marine  
  54  5:02  Marine x2  
  41  5:22  Marine  
  41  5:23  Marine x3  
  41  5:25  Factory Tech Lab  
Show
View Real Time Build Order
Export as new Build Order

qqq Zerg - Winner!

Build Orders: Hatch First 

Get SALT Encoding   

  12  0:01  Drone  
  13  0:08  Drone  
  14  0:29  Overlord  
  14  0:48  Hatchery  
  13  1:04  Drone  
  13  1:05  Drone x2  
  16  1:14  Spawning Pool  
  15  1:41  Drone x3  
  15  1:44  Extractor  
  17  2:01  Drone  
  17  2:03  Queen  
  20  2:22  Queen  
  22  2:23  Drone  
  22  2:25  Drone  
  24  2:32  Drone  
  24  2:34  Drone  
  26  2:40  Drone  
  27  2:50  Drone  
  28  2:53  Metabolic Boost  
  28  2:55  Overlord  
  28  3:01  Overlord  
  28  3:11  Overlord  
  28  3:16  Drone, Zergling x2  
  28  3:17  Zergling x2  
  31  3:20  Drone  
  31  3:22  Drone  
  31  3:25  Zergling x2  
  31  3:27  Zergling x2  
  35  3:29  Zergling x2  
  36  3:36  Zergling x4  
  36  3:37  Zergling x2  
  39  3:47  Zergling x6  
  42  3:54  Zergling x2  
  43  3:58  Zergling x2, Overlord  
  43  3:59  Zergling x2  
  43  4:01  Drone, Zergling x2  
  47  4:10  Zergling x4  
  49  4:25  Zergling x2, Overlord  
  49  4:26  Zergling x6  
  49  4:27  Zergling x4  
  55  4:32  Lair  
  51  5:01  Zergling x8  
  51  5:02  Zergling x10  
  55  5:25  Zergling x10  
  58  5:31  Hatchery  
Show
View Real Time Build Order
Export as new Build Order

Orimek Protoss 

Build Orders:  

Get SALT Encoding   

  12  0:00  Probe  
  13  0:12  Probe  
  14  0:24  Probe  
  15  0:30  Pylon  
  15  0:48  Probe  
  16  0:53  Gateway  
  16  0:59  Assimilator  
  16  1:00  Probe  
  17  1:12  Probe  
  18  1:25  Probe  
  18  1:38  Probe  
  19  1:47  Cybernetics Core  
  19  1:49  Nexus  
  19  1:50  Probe  
  20  2:02  Probe  
  21  2:14  Probe  
  22  2:25  Pylon  
  22  2:26  Probe  
  22  2:27  Warp Gate (Chrono Boost)  
  23  2:42  Stalker (Chrono Boost)  
  25  2:57  Pylon  
  25  2:58  Probe  
  26  3:05  Probe, Sentry  
  27  3:10  Probe  
  30  3:17  Probe  
  31  3:22  Probe, Assimilator  
  31  3:26  Pylon  
  32  3:29  Probe  
  32  3:31  Robotics Facility  
  32  3:33  Gateway  
  33  3:34  Probe  
  33  3:35  Gateway  
  33  3:41  Probe  
  35  3:46  Probe  
  36  3:53  Probe  
  37  3:58  Probe  
  38  4:05  Probe, Forge  
  39  4:11  Probe  
  40  4:17  Probe  
  40  4:23  Probe  
  42  4:24  Observer  
  42  4:29  Probe  
  44  4:32  Robotics Bay  
  44  4:33  Pylon, Stalker  
  44  4:34  Stalker  
  44  4:35  Probe  
  49  4:43  Probe  
  50  4:45  Assimilator  
  50  4:47  Probe, Assimilator  
  51  4:56  Stalker x2  
  49  5:04  Probe  
  49  5:05  Probe  
  26  5:16  Probe  
  26  5:21  Stalker  
Show
View Real Time Build Order
Export as new Build Order

Touckit Protoss 

Build Orders:  

Get SALT Encoding   

  12  0:00  Probe  
  13  0:12  Probe  
  14  0:22  Pylon  
  14  0:25  Probe  
  15  0:40  Probe  
  16  0:47  Forge  
  16  0:52  Probe  
  17  1:06  Pylon  
  17  1:12  Probe  
  18  1:24  Probe  
  18  1:25  Gateway  
  19  1:35  Pylon  
  19  1:41  Probe  
  19  1:44  Assimilator x2  
  19  2:01  Probe  
  19  2:03  Pylon  
  20  2:21  Probe (Chrono Boost), Nexus  
  21  2:24  Pylon  
  21  2:27  Cybernetics Core  
  21  2:35  Zealot  
  23  2:52  Probe  
  23  2:54  Assimilator  
  24  3:04  Probe  
  25  3:16  Probe  
  26  3:20  Warp Gate (Chrono Boost)  
  26  3:22  Pylon  
  26  3:28  Probe (Chrono Boost)  
  27  3:36  Probe (Chrono Boost)  
  27  3:39  Probe (Chrono Boost)  
  29  3:43  Probe (Chrono Boost)  
  29  3:44  Probe (Chrono Boost)  
  31  3:49  Probe  
  31  3:54  Probe  
  33  3:56  Photon Cannon x2  
  33  4:01  Probe  
  34  4:06  Probe  
  34  4:07  Assimilator  
  35  4:13  Probe  
  35  4:14  Photon Cannon  
  35  4:16  Shield Battery  
  36  4:30  Pylon  
  36  4:33  Probe  
  36  4:34  Probe  
  39  4:45  Probe  
  39  4:46  Probe  
  40  4:57  Probe, Zealot  
  40  4:58  Probe  
  44  5:09  Probe, Gateway  
  44  5:10  Probe  
  44  5:11  Gateway  
  44  5:15  Pylon x2  
  44  5:20  Zealot  
  41  5:41  Gateway, Pylon  
Tags
 
Add a new tag
Caveats
  • Supply blocks, unpowered buildings, or Contaminate may cause inaccurate times.
  • Supply counts are checked every 10 seconds.